Map: [ESL] Inside and Out

Players

Dark

  • Race: Zerg Zerg
  • Spawn Location: 7:00

Maru - Winner!

  • Race: Terran Terran
  • Spawn Location: 1:00

Event: DreamHack SC2 Masters 2022 Valencia

VOD

https://youtu.be/gFg0W6jr26Y

Description

Time

  • Played on: July 3, 2022, 3:43 p.m.
  • Length: 11:34

All games in this series

Show
View Real Time Build Order
Export as new Build Order

Dark Zerg 

Build Orders: Hatch First 

Get SALT Encoding   

  12  0:00  Drone  
  13  0:13  Overlord  
  13  0:17  Drone  
  14  0:31  Drone x2  
  16  0:48  Hatchery  
  15  0:51  Drone  
  15  0:54  Drone  
  17  0:59  Drone  
  18  1:09  Extractor  
  17  1:13  Spawning Pool  
  17  1:17  Drone  
  17  1:20  Drone  
  18  1:29  Drone  
  19  1:40  Drone  
  20  1:50  Drone  
  21  1:59  Queen x2  
  21  2:00  Zergling x2  
  26  2:01  Zergling x2  
  27  2:11  Overlord  
  27  2:13  Drone  
  28  2:22  Hatchery  
  27  2:25  Drone  
  28  2:31  Drone  
  28  2:35  Queen  
  31  2:38  Drone  
  32  2:47  Metabolic Boost, Overlord  
  32  2:50  Drone  
  34  2:51  Drone  
  34  2:56  Drone x2  
  36  3:04  Queen  
  36  3:05  Drone  
  39  3:07  Drone  
  39  3:08  Drone  
  39  3:11  Drone  
  42  3:16  Queen  
  44  3:20  Overlord  
  44  3:27  Roach Warren  
  44  3:30  Drone  
  44  3:35  Drone x3  
  44  3:36  Extractor  
  44  3:37  Extractor  
  45  3:44  Drone x3  
  45  3:45  Overlord  
  45  3:47  Drone  
  49  3:49  Drone  
  50  3:56  Overlord  
  50  4:00  Overlord  
  50  4:10  Roach x5  
  50  4:12  Roach  
  50  4:15  Roach  
  64  4:21  Roach x2  
  64  4:33  Zergling x4  
  64  4:34  Zergling x4  
  68  4:46  Drone x5  
  68  4:48  Drone  
  68  4:49  Drone  
  75  4:56  Drone x4  
  75  4:58  Drone  
  74  5:07  Drone x2  
  74  5:12  Roach x3  
  80  5:14  Roach  
  76  5:23  Spore Crawler, Drone x4  
  76  5:25  Drone x2  
  76  5:28  Drone  
  82  5:29  Lair  
  82  5:33  Spore Crawler  
  82  5:34  Drone  
  82  5:35  Spore Crawler, Drone  
  82  5:37  Overlord  
  82  5:39  Overlord  
  82  5:50  Overlord  
  82  5:52  Overlord  
  82  5:54  Queen  
  84  5:59  Drone x4, Overlord  
  84  6:00  Drone x2  
  84  6:02  Overlord  
  84  6:03  Overlord  
  90  6:08  Overlord  
  90  6:09  Drone x3  
  90  6:10  Ravager x2  
  90  6:11  Ravager x3  
  97  6:12  Ravager  
  97  6:16  Drone  
  97  6:17  Drone  
  101  6:18  Extractor x2  
  101  6:20  Drone x2  
  101  6:26  Hatchery  
  101  6:30  Glial Reconstitution  
  101  6:31  Infestation Pit, Drone  
  100  6:34  Evolution Chamber  
  100  6:37  Roach, Evolution Chamber  
  100  6:38  Roach  
  102  6:41  Roach x2  
  102  6:44  Roach  
  108  6:47  Drone x2  
  109  6:54  Roach x4  
  109  7:00  Hatchery  
  117  7:07  Roach x3  
  123  7:08  Zerg Melee Weapons Level 1, Zerg Ground Armor Level 1  
  123  7:11  Hatchery  
  122  7:17  Zergling x12  
  128  7:23  Drone x2  
  128  7:25  Hive, Drone  
  131  7:30  Drone x2  
  131  7:31  Drone x3  
  131  7:32  Drone  
  137  7:39  Zergling x2  
  137  7:41  Overlord x2  
  138  7:52  Overlord x2  
  138  7:55  Overlord x2  
  138  7:57  Baneling Nest  
  138  7:58  Overlord, Drone  
  138  8:01  Ravager x2  
  138  8:02  Drone x2  
  138  8:03  Zergling x2  
  138  8:04  Zergling x4  
  145  8:09  Ravager  
  145  8:10  Roach  
  145  8:11  Roach x2  
  110  8:28  Roach x8  
  110  8:31  Roach x3  
  125  8:37  Roach x4  
  125  8:38  Roach  
  121  8:42  Queen x2  
  121  8:45  Roach, Ravager x3  
  121  8:46  Roach x2  
  121  8:47  Roach  
  133  8:49  Roach  
  133  8:52  Ravager x2  
  137  8:57  Roach x2  
  118  9:04  Roach x2  
  118  9:06  Roach  
  118  9:08  Roach  
  114  9:10  Roach x2  
  114  9:24  Zergling x8  
  118  9:28  Zergling x2  
  119  9:31  Hatchery  
  119  9:34  Drone  
  119  9:38  Zergling x4  
  121  9:40  Zergling x6  
  121  9:43  Ravager x2  
  121  9:44  Zergling x2  
  127  9:52  Zergling x14  
  133  9:53  Centrifugal Hooks  
  133  9:57  Baneling x3  
  133  9:59  Zergling x2  
  137  10:00  Zergling x6  
  137  10:05  Hatchery  
  136  10:07  Zergling x6  
  136  10:13  Zergling x4  
  141  10:20  Zergling x4  
  137  10:29  Viper  
  137  10:30  Viper  
  137  10:31  Drone x2  
  137  10:33  Drone  
  137  10:34  Drone  
  147  10:35  Drone  
  147  10:36  Drone x3  
  147  10:38  Drone x4  
  147  10:39  Ravager x2  
  147  10:40  Baneling  
  147  10:42  Zergling x2  
  151  10:55  Zergling x14  
  151  10:56  Ravager  
  144  10:58  Baneling x6  
  135  11:08  Zergling x20  
  135  11:09  Baneling x3  
  145  11:15  Zergling x2  
  145  11:16  Zergling x6  
  145  11:17  Baneling  
  145  11:18  Baneling x5  
Show
View Real Time Build Order
Export as new Build Order

Maru Terran - Winner!

Build Orders:  

Get SALT Encoding   

  12  0:00  SCV  
  13  0:12  SCV  
  14  0:17  Supply Depot  
  14  0:24  SCV  
  15  0:38  SCV  
  15  0:40  Barracks  
  16  0:43  Refinery  
  16  0:50  SCV  
  17  1:02  SCV  
  18  1:14  SCV  
  19  1:27  Orbital Command, Marine  
  20  1:37  Command Center  
  20  1:48  Factory  
  20  1:53  SCV  
  21  2:02  Barracks Reactor  
  21  2:05  SCV  
  21  2:08  Supply Depot  
  22  2:12  Refinery  
  22  2:17  SCV  
  23  2:29  SCV  
  24  2:33  Hellion  
  26  2:38  Marine x2, Starport  
  26  2:42  SCV  
  29  2:49  Orbital Command  
  29  2:54  SCV  
  29  2:55  Widow Mine  
  29  2:57  Marine x2  
  34  3:07  SCV  
  35  3:14  Medivac, Supply Depot  
  35  3:16  SCV  
  38  3:22  Marine  
  38  3:23  Hellion  
  38  3:25  Hellion  
  43  3:27  SCV  
  43  3:30  SCV  
  45  3:36  Supply Depot  
  45  3:40  SCV  
  46  3:41  Barracks Tech Lab  
  46  3:45  Starport Tech Lab  
  46  3:47  Hellion  
  46  3:48  Hellion  
  50  3:50  SCV  
  50  3:54  SCV  
  52  3:59  Marine, Stimpack  
  52  4:01  Supply Depot  
  53  4:07  SCV  
  56  4:11  SCV  
  57  4:19  SCV  
  57  4:23  Banshee  
  59  4:31  Factory Tech Lab  
  59  4:33  Marine  
  59  4:34  SCV  
  59  4:35  Bunker  
  59  4:36  SCV  
  59  4:38  Supply Depot  
  60  4:40  Command Center  
  60  4:49  Siege Tank  
  60  4:50  Marine  
  60  4:51  SCV  
  65  4:53  SCV  
  66  5:03  SCV  
  66  5:05  SCV  
  68  5:15  Barracks, SCV  
  68  5:17  SCV, Starport Reactor  
  68  5:19  Barracks, Marine  
  67  5:24  Engineering Bay  
  67  5:28  Engineering Bay, SCV  
  68  5:29  SCV  
  68  5:34  Supply Depot  
  68  5:35  Factory Reactor  
  69  5:37  Marine  
  69  5:40  SCV  
  69  5:41  SCV  
  69  5:42  Combat Shield  
  72  5:47  Barracks, Refinery  
  72  5:48  Barracks  
  72  5:52  SCV  
  72  5:53  SCV  
  74  6:00  Orbital Command, Marine  
  74  6:02  Terran Infantry Armor Level 1, Terran Infantry Weapons Level 1  
  76  6:04  SCV  
  76  6:05  SCV, Marine x2  
  79  6:13  Refinery  
  79  6:14  Marine x2  
  79  6:16  SCV  
  79  6:17  SCV  
  83  6:20  Siege Tank, Marauder  
  83  6:23  Marine x2  
  83  6:25  Orbital Command, Supply Depot  
  90  6:28  SCV, Medivac  
  90  6:29  Medivac  
  90  6:32  Marine  
  96  6:33  Marine  
  96  6:35  SCV, Supply Depot  
  98  6:40  SCV, Barracks Reactor  
  99  6:47  SCV  
  99  6:51  Marine x2  
  99  6:52  SCV, Marauder  
  99  6:53  SCV  
  106  6:56  Supply Depot x2  
  106  6:59  SCV  
  107  7:03  Siege Tank, Medivac  
  107  7:04  SCV  
  107  7:06  SCV, Supply Depot  
  107  7:08  Marine x2, Marauder  
  114  7:09  Marine  
  114  7:11  Concussive Shells  
  117  7:16  Medivac  
  117  7:17  SCV x2  
  117  7:19  Marine x4  
  123  7:23  SCV  
  123  7:24  Supply Depot  
  123  7:25  Supply Depot  
  123  7:26  Marine  
  123  7:27  Refinery  
  123  7:29  SCV  
  127  7:30  SCV  
  127  7:33  Armory  
  127  7:36  Marine, Marauder  
  130  7:37  Medivac, Marauder  
  130  7:42  SCV x2  
  136  7:44  Marine x2, Supply Depot  
  136  7:45  Marine x2  
  136  7:48  Marine  
  141  7:54  Marine  
  141  7:56  Siege Tank  
  141  7:57  Marine  
  146  7:59  Marauder  
  146  8:00  SCV  
  146  8:02  Refinery, Marine x2  
  151  8:10  Marine  
  151  8:11  Marine x2  
  154  8:13  SCV  
  154  8:15  Marauder  
  154  8:17  SCV  
  138  8:20  Marauder  
  138  8:22  Marine x2  
  138  8:25  Marine  
  138  8:26  Terran Infantry Armor Level 2, Terran Infantry Weapons Level 2  
  129  8:30  Marine x3  
  129  8:33  Medivac  
  127  8:37  Marauder  
  127  8:39  SCV  
  127  8:40  Marine x2  
  129  8:42  Marauder  
  129  8:43  Marine  
  132  8:49  Command Center  
  132  8:50  Medivac  
  132  8:52  Siege Tank  
  136  8:55  Marine  
  136  8:58  Marine, Marauder  
  136  9:00  Marine  
  128  9:03  Marauder  
  128  9:09  Medivac  
  123  9:13  Marine x2  
  122  9:18  Terran Vehicle Weapons Level 1  
  122  9:20  Factory, Marauder  
  122  9:22  Medivac  
  126  9:24  Marauder  
  126  9:29  Barracks  
  126  9:30  Barracks  
  128  9:31  Siege Tank  
  128  9:33  Barracks  
  128  9:36  Marine x5  
  128  9:37  Marine  
  137  9:41  Marauder  
  137  9:44  Medivac  
  141  9:46  Marauder  
  143  9:54  Marine x2  
  143  9:57  Marine x4  
  143  9:58  Medivac  
  151  10:02  Marauder  
  151  10:03  SCV, Siege Tank  
  151  10:04  SCV x2  
  151  10:05  Factory Tech Lab  
  159  10:07  Marauder  
  159  10:11  Sensor Tower  
  161  10:14  Marine x2  
  161  10:15  Marine  
  161  10:21  Medivac, Supply Depot  
  164  10:24  Marauder  
  161  10:29  Marauder  
  161  10:31  Siege Tank  
  161  10:34  Marine x7  
  173  10:35  Siege Tank  
  173  10:36  Supply Depot  
  173  10:39  Planetary Fortress  
  173  10:41  Marine x2  
  175  10:45  Marauder  
  175  10:50  Marauder  
  175  10:51  SCV, Marine x2  
  175  10:52  Marine x2  
  175  10:55  Marine x3  
  178  10:58  Medivac  
  178  11:00  Marine  
  178  11:02  Marine  
  181  11:07  Marauder  
  181  11:09  Marine x2  
  187  11:11  Marauder  
  187  11:13  Marine  

Tags
 
Add a new tag
Caveats
  • Supply blocks, unpowered buildings, or Contaminate may cause inaccurate times.
  • Supply counts are checked every 10 seconds.